Map: Invader LE

Players

LiquidTLO (TLO) - Winner!

  • Race: Zerg Zerg
  • League: Grandmaster

Noobix

  • Race: Terran Terran
  • League: Grandmaster

VOD

Have the link to the VOD?

Description

Time

  • Played on: July 6, 2016, 11:31 a.m.
  • Length: 6:08
Show
View Real Time Build Order
Export as new Build Order

LiquidTLO Zerg - Winner!

Build Orders: Hatch First, Zergling Baneling 

Get SALT Encoding   

  12  0:01  Drone  
  13  0:15  Overlord  
  13  0:18  Drone  
  14  0:33  Drone x2  
  16  0:38  Drone  
  17  0:54  Drone  
  17  0:55  Hatchery  
  17  0:58  Drone  
  17  1:02  Extractor  
  17  1:13  Spawning Pool  
  17  1:16  Drone  
  17  1:20  Drone  
  18  1:30  Drone  
  19  1:41  Overlord  
  19  2:00  Queen  
  19  2:01  Zergling x2  
  22  2:03  Drone  
  22  2:05  Metabolic Boost  
  22  2:06  Queen  
  25  2:09  Drone  
  25  2:15  Drone  
  27  2:17  Drone  
  28  2:27  Drone  
  28  2:28  Drone  
  30  2:36  Hatchery  
  29  2:39  Drone  
  30  2:44  Queen  
  30  2:48  Overlord  
  32  2:51  Drone  
  32  2:54  Drone  
  32  2:58  Drone  
  35  3:02  Drone  
  36  3:08  Drone  
  36  3:10  Drone  
  36  3:11  Drone  
  36  3:12  Zergling x2  
  40  3:13  Zergling x2  
  40  3:15  Zergling x4  
  44  3:20  Drone  
  44  3:24  Overlord  
  44  3:28  Baneling Nest  
  44  3:30  Overlord  
  44  3:31  Drone  
  44  3:41  Drone, Spore Crawler x2  
  44  3:42  Overlord  
  44  3:45  Drone  
  44  3:46  Drone  
  44  3:47  Drone  
  44  3:48  Drone  
  47  3:51  Drone  
  48  3:55  Lair  
  48  3:58  Drone  
  48  3:59  Drone  
  48  4:02  Zergling x2  
  51  4:03  Extractor, Zergling x2  
  51  4:07  Drone x2  
  52  4:13  Zergling x4  
  52  4:14  Zergling x2  
  52  4:16  Queen  
  55  4:20  Zergling x4  
  55  4:23  Baneling x2  
  55  4:24  Baneling  
  59  4:27  Queen  
  59  4:29  Extractor  
  59  4:30  Zergling x2  
  61  4:32  Zergling x4  
  61  4:37  Drone  
  64  4:40  Drone x2  
  64  4:44  Drone x2  
  64  4:45  Drone x2  
  70  4:47  Overlord  
  70  4:52  Baneling x2  
  70  4:53  Baneling  
  70  4:54  Baneling x3  
  70  4:55  Overlord  
  70  4:59  Overlord  
  70  5:03  Overlord  
  70  5:07  Drone  
  70  5:08  Zergling x2, Drone  
  70  5:09  Zergling x2  
  74  5:14  Drone  
  74  5:17  Zergling x2  
  74  5:19  Zergling x4, Drone  
  78  5:21  Zergling x2  
  78  5:24  Zergling x2  
  78  5:26  Queen  
  78  5:28  Overlord  
  82  5:35  Zergling x2, Drone  
  82  5:36  Spire  
  82  5:37  Extractor  
  82  5:38  Zergling x2  
  82  5:40  Baneling x2  
  82  5:42  Baneling x4  
  82  5:43  Baneling x2  
  82  5:45  Zergling x2  
  82  5:46  Zergling x2  
Show
View Real Time Build Order
Export as new Build Order

Noobix Terran 

Build Orders:  

Get SALT Encoding   

  12  0:03  SCV  
  13  0:15  SCV  
  13  0:18  Supply Depot  
  14  0:28  SCV  
  15  0:40  SCV  
  15  0:42  Barracks  
  16  0:52  SCV  
  16  0:56  Refinery  
  17  1:04  SCV  
  18  1:16  SCV  
  19  1:28  SCV  
  19  1:30  Supply Depot  
  20  1:41  Refinery, Orbital Command  
  20  1:43  Reaper  
  21  2:09  SCV  
  21  2:15  Marine  
  23  2:20  Factory  
  23  2:26  SCV  
  24  2:30  Supply Depot  
  24  2:38  SCV  
  25  2:47  Marine  
  25  2:50  SCV  
  27  2:53  Barracks  
  27  3:02  SCV  
  27  3:04  Factory Reactor  
  27  3:05  Starport  
  28  3:06  Marine  
  29  3:29  Marine  
  30  3:39  Command Center  
  30  3:42  Hellion x2  
  30  3:44  Starport Tech Lab  
  30  3:46  Marine  
  37  3:49  Medivac  
  37  3:51  Marine  
  37  3:55  Supply Depot  
  38  4:02  Liberator  
  38  4:04  Marine  
  38  4:07  Hellion x2  
  38  4:09  Marine  
  43  4:22  Marine  
  47  4:27  Marine  
  48  4:43  Armory  
  48  4:45  Liberator  
  48  4:47  Marine x2  
  48  4:49  Hellion x2  
  54  4:53  Supply Depot  
  54  5:05  Marine x2  
  59  5:10  Hellion x2  
  63  5:23  Marine  
  63  5:27  Marine  
  65  5:32  Hellion x2  
  69  5:40  Marine  
  70  5:44  Marine  
Tags
 
Add a new tag
Caveats
  • Supply blocks, unpowered buildings, or Contaminate may cause inaccurate times.
  • Supply counts are checked every 10 seconds.